 Dungeon Crawl Stone Soup version 0.28.0-53-g5a82cb258f (webtiles) character file.

Game seed: 11186196042786263742

104 issech the Chopper (level 4, -1/40 HPs)
             Began as a Minotaur Monk on June 1, 2022.
             Slain by an orc priest
             ... wielding a +0 hand axe
              (5 damage)
             ... on level 4 of the Dungeon.
             The game lasted 00:05:26 (2832 turns).

issech the Chopper (Minotaur Monk)                  Turns: 2832, Time: 00:05:27

Health: -1/40      AC:  8    Str: 15    XL:     4   Next: 52%
Magic:  3/3        EV:  7    Int:  7    God:
Gold:   150        SH:  0    Dex: 15    Spells: 3/3 levels left

rFire   . . .      SeeInvis .   m - +0 long sword
rCold   . . .      Faith    .   (no shield)
rNeg    . . .      Spirit   .   d - +0 chain mail
rPois   .          Reflect  .   (helmet restricted)
rElec   .          Harm     .   (no cloak)
rCorr   .          Rampage  .   (no gloves)
Will    .....                   (no boots)
Stlth   ..........              (no amulet)
HPRegen 0.13/turn               (no ring)
MPRegen 0.08/turn               (no ring)

@: no status effects
A: horns 2, retaliatory headbutt
a: no special abilities


You were on level 4 of the Dungeon.
You visited 1 branch of the dungeon, and saw 4 of its levels.

You collected 150 gold pieces.

Inventory:

Hand Weapons
 a - a +0 hand axe
 m - a +0 long sword (weapon)
 n - a +0 mace
 p - a +0 spear
 q - a +0 hunting sling
 r - a +1 dagger of holy wrath
Missiles
 f - 94 stones (quivered)
 l - 37 arrows
 u - 6 poisoned darts
Armour
 b - a +0 robe
 c - a +0 leather armour
 d - a +0 chain mail (worn)
 o - a +0 ring mail of fire resistance
Scrolls
 e - a scroll of identify {unknown}
 h - a scroll of enchant armour {unknown}
 i - a scroll of fear {unknown}
 s - a scroll of vulnerability {unknown}
 v - 3 scrolls of fog {unknown}
Potions
 g - a potion of degeneration {unknown}
 j - a potion of curing {unknown}
 k - a potion of heal wounds {unknown}
 t - a potion of mutation {unknown}


   Skills:
 + Level 4.1 Fighting
 + Level 0.3 Long Blades
 + Level 5.1 Axes
 + Level 1.8 Armour
 + Level 3.8 Dodging
 + Level 1.8 Stealth


You had 3 spell levels left.
You didn't know any spells.
Your spell library was empty.

Dungeon Overview and Level Annotations

Branches:
Dungeon (4/15)
 Temple: D:4-7

Altars:
Dithmenos
Xom


Innate Abilities, Weirdness & Mutations

You have a pair of horns on your head.
You reflexively headbutt those who attack you in melee.


Message History

Beogh smites you!
* * * LOW HITPOINT WARNING * * *
The jackal bites you.
* * * LOW HITPOINT WARNING * * *
The orc priest hits you but does no damage.
You closely miss the orc priest. Your headbutt misses the orc priest.
The orc priest is lightly wounded.
The jackal barely misses you. x2; You furiously retaliate!
You headbutt the jackal.
The orc priest miscasts a cantrip.
An orc comes into view. It is wielding a +0 flail.
You closely miss the orc priest.
The orc shouts!
You headbutt the orc priest.
The orc priest is heavily wounded.
The jackal bites you but does no damage.
The jackal closely misses you.
You hit the orc but do no damage. The jackal completely misses you.
The orc priest mumbles some strange prayers to Beogh against you.
Pain shoots through your body!
* * * LOW HITPOINT WARNING * * *
The orc hits you but does no damage.
The orc priest casts a cantrip, but nothing happens.
The jackal barely misses you.
The orc priest hits you but does no damage.
The orc hits you but does no damage.
You barely miss the orc priest.
The orc priest is heavily wounded.
The jackal barely misses you.
The orc priest hits you but does no damage.
The jackal bites you but does no damage.
The orc hits you but does no damage.
The jackal bites you but does no damage.
The jackal bites you.
* * * LOW HITPOINT WARNING * * *
The jackal barely misses you.
There is a stone staircase leading up, spattered with blood here.
The jackal barely misses you.
The orc priest hits you with a +0 hand axe.
You die...

..## .# ##........##
.. ##..........### ..
#.............. #.
##.............. #.#
###...............
#..##.................
#o#..................
#ooo@................
#..h.................
#<(.....########......
#(....##### ###......
.......# #........
......... #........[.
......... #...........
#........ ............
............


You could see 2 orc priests, 2 orcs and a jackal.

Vanquished Creatures
  3 adders
  2 dart slugs (D:2)
  6 orcs
  6 endoplasms
  2 giant cockroaches
  5 goblins
  5 hobgoblins
  5 jackals
  A kobold (D:1)
  3 quokkas
  9 ball pythons
  5 bats
  4 frilled lizards
  6 rats
62 creatures vanquished.

Notes
Turn   | Place    | Note
-------+----------+-------------------------------------------
     0 | D:1      | issech the Minotaur Monk began the quest for the Orb.
     0 | D:1      | Reached XP level 1. HP: 19/19 MP: 0/0
   319 | D:1      | Reached XP level 2. HP: 27/27 MP: 1/1
   426 | D:1      | Reached skill level 4 in Axes
   502 | D:1      | Found a faded altar of an unknown god.
  1306 | D:2      | Reached XP level 3. HP: 33/33 MP: 2/2
  1610 | D:2      | Reached skill level 1 in Armour
  2166 | D:3      | Reached XP level 4. HP: 40/40 MP: 3/3
  2332 | D:3      | Reached skill level 5 in Axes
  2489 | D:3      | Found a shimmering altar of Xom.
  2489 | D:3      | Found a shadowy altar of Dithmenos.
  2832 | D:4      | Slain by an orc priest

Illustrated notes

Levels and vault maps discovered:
D:1:      dpeg_arrival_arbitrary_b, layout_loops_corners,
          hellmonk_ecumenical_altar_inner_sanctum
D:2:      layout_basic, minmay_hedge_maze
D:3:      layout_loops_cross, gammafunk_temple_overflow_statue,
          minmay_goblin_kobold_house
D:4:      layout_cave_pods, sigmund_edmund_badplayer

Skill      XL: |  1  2  3  4 |
---------------+-------------+-----
Axes           | 4 5 |  5.1
Fighting       | 4 |  4.1
Armour         | 1 |  1.8
Long Blades    | |  0.3
Dodging        | |  3.8
Stealth        | |  1.8

Action                   |  1- 3 |  4- 6 || total
-------------------------+-------+-------++-------
Melee: Hand axe          |   106 |     5 ||   111
       Headbutt          |    14 |     7 ||    21
       Long sword        |       |    33 ||    33
 Stab: Sleeping          |     1 |       ||     1
Armor: Chain mail        |    84 |    47 ||   131
       Robe              |     1 |       ||     1
Dodge: Dodged            |    58 |    26 ||    84
